 Dungeon Crawl Stone Soup version 0.21.1-1-g345015f (webtiles) character file.

63 batai666 the Digger (level 4, -4/24 HPs)
             Began as a Gargoyle Earth Elementalist on Feb 14, 2018.
             Killed from afar by an orc wizard (5 damage)
             ... with a magic dart
             ... on level 3 of the Dungeon.
             The game lasted 00:12:05 (3008 turns).

batai666 the Digger (Gargoyle Earth Elementalist)   Turns: 3008, Time: 00:12:05

Health: -4/24      AC:  5    Str: 12    XL:     4   Next: 10%
Magic:  4/8        EV: 12    Int: 16    God:
Gold:   112        SH:  0    Dex: 10    Spells: 5/9 levels left

rFire    . . .     SeeInvis .   k - +0 mace
rCold    . . .     Gourm    .   (no shield)
rNeg     + . .     Faith    .   c - +0 robe
rPois    ∞         Spirit   .   (no helmet)
rElec    +         Reflect  .   (no cloak)
rCorr    .         Harm     .   (no gloves)
MR       .....                  (no boots)
Stlth    ++........             (no amulet)
HPRegen  0.08/turn              (no ring)
MPRegen  0.11/turn              (no ring)

@: berserk cooldown, slowed, very slow
A: negative energy resistance 1, electricity resistance, unbreathing,
petrification resistance, rot immunity, AC +3
a: no special abilities


You were on level 3 of the Dungeon.
You were not hungry.

You visited 1 branch of the dungeon, and saw 3 of its levels.

You collected 112 gold pieces.

Inventory:

Hand Weapons
 k - a +0 mace (weapon)
 p - a +0 flail
Missiles
 b - 74 stones (quivered)
Armour
 c - a +0 robe (worn)
Scrolls
 g - 2 scrolls of remove curse
 h - a scroll of fear
 j - a scroll of fog
 l - a scroll of enchant weapon {unknown}
 o - a scroll of teleportation {unknown}
Potions
 d - a potion of heal wounds {unknown}
 f - a potion of might
 i - a potion of berserk rage
 n - 2 potions of lignification
Books
 e - a book of Geomancy

   Spells                             Type                      Level
   a - Sandblast                      Earth                        1
   b - Passwall                       Transmutation/Earth          2
   c - Stone Arrow                    Conjuration/Earth            3
   d - Petrify                        Transmutation/Earth          4
   e - Lee's Rapid Deconstruction     Earth                        5
Comestibles
 a - a ration
 m - 2 chunks of flesh


   Skills:
 - Level 1.5 Dodging
 - Level 2.1 Stealth
 + Level 3.0 Spellcasting
 + Level 1.1 Conjurations
   Level 0.7 Transmutations
 + Level 4.7 Earth Magic


You had 5 spell levels left.
You knew the following spells:

 Your Spells              Type           Power        Failure   Level  Hunger
a - Sandblast             Erth           ###...       2%          1    #......
b - Stone Arrow           Conj/Erth      ##....       17%         3    ###....


Dungeon Overview and Level Annotations

Branches:
Dungeon (3/15)

Altars:
Elyvilon
Nemelex Xobeh
Yredelemnul


Innate Abilities, Weirdness & Mutations

You are resistant to torment.
Your stone body is resilient. (AC +3)
You are immune to poison.
You resist negative energy. (rN+)
You are resistant to electric shocks. (rElec)
You can survive without breathing.
You are immune to petrification.
You are immune to rotting.


Message History

Press: ? - help, v - describe, . - travel The floor.
You swing at nothing.
Something hits you but does no damage.
You hear some strange, mumbled words.
You are confused.
You're too confused to attack without stumbling around!
You're too confused to attack without stumbling around!
Something hits you but does no damage.
You bump into the rock wall.
Something hits you.
* * * LOW HITPOINT WARNING * * *
Something hits you but does no damage.
You're too confused!
Quiver which item? (- for none, * to show all) (? for menu, Esc to quit)
Okay, then.
You're too confused!
Something hits you but does no damage.
You feel less confused.
A magic dart appears from out of thin air!
The magic dart hits you!
You die...

#.#.....#
#.#####.......
###...# #......
#.....# .....<.
#.....###.......
######.(.............
#....).....##........
#......)...###.......
#....÷)..)...@.......
#..........###S...)..
#.......#### .......
#.....### .......
#.....# .......
......... #.>....
......... #..%..
...#...### #####
.....##


You could see an adder (wandering).

Vanquished Creatures
  2 adders (D:2)
  A worm (D:3)
  A dart slug (D:2)
  A leopard gecko (D:2)
  2 orcs (D:3)
  7 bats
  2 giant cockroaches
  7 goblins
  5 hobgoblins
  4 frilled lizards
  6 rats
38 creatures vanquished.

Notes
Turn   | Place    | Note
-------+----------+-------------------------------------------
     0 | D:1      | batai666 the Gargoyle Earth Elementalist began the quest for the Orb.
     0 | D:1      | Reached XP level 1. HP: 10/10 MP: 3/3
   303 | D:1      | Reached XP level 2. HP: 9/15 MP: 1/5
   386 | D:1      | Reached skill level 4 in Earth Magic
   996 | D:2      | Reached XP level 3. HP: 4/19 MP: 0/6
  1392 | D:2      | Learned a level 3 spell: Stone Arrow
  1957 | D:2      | Found a basalt altar of Yredelemnul.
  1966 | D:2      | Found a sparkling altar of Nemelex Xobeh.
  1975 | D:2      | Found a white marble altar of Elyvilon.
  2932 | D:3      | Reached skill level 1 in Conjurations
  2941 | D:3      | Reached XP level 4. HP: 20/24 MP: 1/8
  3005 | D:3      | HP: 1/24 [something (4)]
  3008 | D:3      | Killed from afar by an orc wizard

Skill      XL: |  1  2  3  4 |
---------------+-------------+-----
Earth Magic    | 4 |  4.7
Conjurations   | 1 |  1.1
Spellcasting   | 3 |  3.0
Dodging        | |  1.5
Stealth        | |  2.1
Transmutations | |  0.7

Action                   |  1- 3 |  4- 6 || total
-------------------------+-------+-------++-------
Melee: Unarmed           |     9 |       ||     9
       Dagger            |    35 |       ||    35
       Mace              |    18 |    22 ||    40
 Cast: Sandblast         |    39 |     5 ||    44
       Stone Arrow       |       |     1 ||     1
  Use: Scroll            |     6 |       ||     6
       Potion            |     1 |     1 ||     2
 Stab: Sleeping          |     3 |       ||     3
  Eat: Ration            |     2 |       ||     2
       Chunk             |     1 |       ||     1
Armor: Robe              |    55 |    11 ||    66
Dodge: Dodged            |    98 |     5 ||   103
